[Event "FIDE World School-ch O-17 2025"]
[Site "Vrnjacka Banja"]
[Date "2025.03.27"]
[Round "8.1"]
[White "Bogdanov, Artyom"]
[Black "Topuz, Mirac Melih"]
[Result "1-0"]
[Annotator "TA"]
[ECO "B48"]
[WhiteElo "2373"]
[BlackElo "2113"]
[PlyCount "161"]
[EventDate "2025.03.19"]
[EventType "swiss"]
[EventCountry "SRB"]
[SourceTitle "playchess.com"]
[Source "ChessBase"]
[SourceQuality "1"]
[TimeControl "5400+30"]

1. e4 c5 2. Nf3 e6 3. d4 cxd4 4. Nxd4 Nc6 5. Nc3 Qc7 6. Be3 a6 7. Qf3 {[%emt 0:00:38] B48: Sicilian: Taimanov: 5 Nc3 Qc7 6 Be3 a6 without Be2.} Bd6 8. Nxc6 bxc6 9. Bd4 {[%emt 0:06:12] White has an edge.} Be5 (9... Nf6 $11) 10. Bxe5 $14 Qxe5 11. Qg3 Qxg3 12. hxg3 d5 13. Bd3 Nf6 14. f3 h6 15. g4 Rg8 16. O-O-O Ke7 $146 (16... a5 17. Na4 Nd7 18. c4 Bb7 19. Rhe1 Ke7 20. exd5 cxd5 21. cxd5 Bxd5 22. Nc3 Bc6 {1-0 Durarbayli,V (2627)-Barbosa,E (2490) Titled Tuesday intern op 26th Mar Early blitz 2024 (2)}) 17. Rhe1 Bb7 18. Na4 Nd7 19. Bf1 Rgd8 20. b3 a5 21. Rd2 Rac8 22. Kb2 Ba8 23. Ba6 Rb8 24. Kc1 Rb4 25. Red1 Rbb8 26. Re1 Rb4 27. c3 Rbb8 28. Bd3 Kf6 29. Bc2 Ke7 30. Red1 Bb7 31. Re1 Kf6 32. Bd3 Ba8 33. Kc2 Rh8 34. Rh1 Rbd8 35. Rdd1 Rb8 36. Kd2 Rhd8 37. Ke3 Bb7 38. c4 c5 (38... Ke7 $11) 39. exd5 exd5 40. cxd5 Bxd5 41. Bf5 Nb6 42. Nxc5 {[%emt 0:00:47] White is more active.} Bc6 {[%emt 0:00:32] Prevents Nd7+.} 43. Rxd8 Rxd8 44. Rc1 Bb5 (44... Ke7 $16 45. g3 g6) 45. a4 Nd5+ (45... Bc6 $142 46. Ne4+ Bxe4) 46. Kf2 $18 Be8 47. Nb7 $1 Rb8 48. Nxa5 g6 49. Be4 Nf4 50. Rc3 Rd8 51. Nc4 Rd1 52. g3 Nh3+ 53. Kg2 Ng5 54. Bb7 Ra1 55. Rc2 Rb1 56. Nd2 Ra1 57. Nc4 $2 (57. f4 $18 Ne6 58. Ne4+ Kg7 59. Rd2) 57... Bd7 $2 (57... Rb1 $11 {and Black stays safe.}) 58. Bd5 h5 59. gxh5 Bf5 60. Rd2 gxh5 61. Ne3 Bh3+ 62. Kh2 {[%emt 0:00:36] and f4 should not be overlooked} Bc8 63. f4 Ne6 64. Bg2 Rb1 {[%emt 0:00:09] [#]} (64... Ra3 $142 65. Nd5+ Kg7) 65. b4 $1 Rb3 66. Nd5+ Kg7 67. Ne7 h4 68. gxh4 (68. Nxc8 hxg3+ 69. Kg1 Rxb4 $16) 68... Rxb4 69. Nxc8 Rxa4 (69... Rxf4 {was called for.} 70. Ra2 Rxh4+ 71. Kg1 Rh5) 70. f5 Rxh4+ 71. Kg3 Rc4 72. fxe6 Rxc8 {[%emt 0:00:03][%mdl 4096] Endgame [#] KRB-KR} 73. Rd7 $1 {[%emt 0:00:05] White mates.} Kf6 74. exf7 ({Not} 74. e7 Re8 $11) 74... Rc3+ 75. Kf4 Rc4+ 76. Be4 Rc8 77. Bd5 Rb8 78. Rd6+ Ke7 79. Ke5 Rh8 80. Rg6 Rh5+ 81. Ke4 {[%emt 0:04:47] Weighted Error Value: White=0.13 (very precise) /Black=0.26 (precise)   Loses game:     	---       	Black=1      Missed win:     	White=1     	---        Mistake:       	---       	Black=6      Inaccurate:     	White=1     	Black=1      OK:         	White=31    	Black=21     Best:        	White=3     	Black=3} 1-0

[Event "FIDE World School-ch O-17 2025"]
[Site "Vrnjacka Banja"]
[Date "2025.03.27"]
[Round "8.2"]
[White "Kazhmuratov, Altair"]
[Black "Ljepic, Andrej"]
[Result "0-1"]
[Annotator "TA"]
[ECO "A37"]
[WhiteElo "1971"]
[BlackElo "2337"]
[PlyCount "92"]
[EventDate "2025.03.19"]
[EventType "swiss"]
[EventCountry "SRB"]
[SourceTitle "playchess.com"]
[Source "ChessBase"]
[SourceQuality "1"]
[TimeControl "5400+30"]

1. g3 c5 2. Bg2 g6 3. Nf3 Bg7 4. O-O Nc6 5. c4 e6 6. Nc3 Nge7 7. Ne4 d6 {[%emt 0:01:56][%cal Bd7d6,Bd6d5][%mdl 32] A37: Symmetrical English vs ...g6: 4 Bg2 Bg7 5 Nf3.} 8. e3 O-O 9. Rb1 b6 {[%emt 0:09:11] Black is slightly better.} 10. d4 $146 (10. d3 d5 11. Ned2 Nb4 12. Qb3 a5 13. a4 Ba6 14. Ne1 Ra7 15. Nc2 dxc4 16. dxc4 {0-1 Pang,T (2193)-Deng,T (2105) Asian Continental op 16th 2017 (4)}) 10... d5 11. Nc3 (11. cxd5 $15 exd5 12. Nc3) 11... cxd4 (11... dxc4 12. dxc5 bxc5 13. Qa4 $15) 12. Nxd4 Nxd4 13. exd4 Ba6 14. cxd5 Bxf1 (14... Nxd5 15. Bxd5 exd5 16. Re1 $11) 15. Qxf1 Nxd5 16. Nxd5 exd5 17. Be3 Qd7 18. Rd1 Rfd8 19. Qa6 Rac8 20. h3 h5 21. Rd3 (21. Qa3 {was called for.}) 21... Rc4 22. b3 {[%emt 0:02:46] Prevents Ra4} (22. Qa3 $142) 22... Rc2 $19 23. h4 (23. Rd1 $142) 23... Kh7 24. Bf4 Re8 25. Bf1 $2 (25. Rd2 Rxd2 26. Bxd2) 25... Re1 {[%emt 0:03:03] Black is clearly winning.} 26. Kg2 {[%emt 0:00:40] Prevents Qh3+.} Ra1 27. Rf3 Raxa2 (27... Bxd4 $2 28. Qd3 Rb2 (28... Rcxa2 $2 {loses.} 29. Qxd4 Re1 30. Re3 $18) 29. Qxd4 $19) 28. Qd3 Qe6 29. Qd1 {[%emt 0:04:19] Inhibits Qe1.} Qe4 30. Be3 Rc3 {[%emt 0:00:47] Dodges Bd3} 31. Kg1 f5 32. Bg2 Qc2 33. Qxc2 Raxc2 34. Rf4 Bh6 35. Bxd5 Bxf4 36. Bxf4 Rd3 37. Be3 b5 {[%emt 0:01:17] [#] Strongly threatening ...a5.} 38. Be6 a5 39. Bd7 Rxb3 40. d5 Rd3 41. Bxb5 Rxd5 42. Be8 Re5 43. Bd7 {[%emt 0:00:16] [#]} Rxe3 $1 44. fxe3 Re2 45. Kf1 Rxe3 46. Kf2 Ra3 {[%emt 0:00:11] White did not feel at home in the position after the opening.   Weighted Error Value: White=0.50/Black=0.12 (very precise)   Mistake:       	White=5     	---        Inaccurate:     	White=1     	---        OK:         	White=2     	Black=9      Best:        	---       	Black=2} 0-1

[Event "FIDE World School-ch O-17 2025"]
[Site "Vrnjacka Banja"]
[Date "2025.03.27"]
[Round "8.3"]
[White "Elmirzaev, Khondamir"]
[Black "Taran, Egor A"]
[Result "1-0"]
[Annotator "NA RC"]
[ECO "D10"]
[WhiteElo "2036"]
[BlackElo "1961"]
[PlyCount "65"]
[EventDate "2025.03.19"]
[EventType "swiss"]
[EventCountry "SRB"]
[SourceTitle "playchess.com"]
[Source "ChessBase"]
[SourceQuality "1"]
[TimeControl "5400+30"]

1. d4 d5 2. c4 c6 3. cxd5 cxd5 4. Nc3 Nf6 5. Bf4 Nc6 6. e3 Bf5 7. Qb3 Na5 8. Qa4+ Bd7 9. Qc2 e6 10. Bd3 Rc8 11. Nf3 Bb4 12. O-O O-O 13. Rfc1 a6 14. h3 h6 15. a3 Bxc3 16. bxc3 Bb5 17. Bxb5 axb5 18. Nd2 Nc4 19. Nxc4 bxc4 20. f3 Rc6 21. Rcb1 Rb6 22. g4 Rxb1+ 23. Rxb1 Qd7 24. Rb4 Ra8 25. Qb2 Qe7 26. Kg2 b5 27. Rxb5 Qxa3 28. Rb8+ Kh7 29. Qb1+ g6 30. Qb7 Ra7 31. Qc8 g5 32. Be5 Qa2+ 33. Kg3 1-0

[Event "FIDE World School-ch O-17 2025"]
[Site "Vrnjacka Banja"]
[Date "2025.03.27"]
[Round "8.4"]
[White "Brankovic, Uros"]
[Black "Adithya A Chullikkad"]
[Result "0-1"]
[Annotator "TA"]
[ECO "B22"]
[WhiteElo "1966"]
[BlackElo "2101"]
[PlyCount "122"]
[EventDate "2025.03.19"]
[EventType "swiss"]
[EventCountry "SRB"]
[SourceTitle "playchess.com"]
[Source "ChessBase"]
[SourceQuality "1"]
[TimeControl "5400+30"]

1. e4 c5 2. c3 Nf6 3. e5 Nd5 4. Nf3 Nc6 5. d4 cxd4 6. cxd4 d6 7. Bc4 Nb6 8. Bb5 d5 9. Nc3 {[%emt 0:00:14] B22: Sicilian: 2 c3.} a6 10. Be2 g6 $146 ({Predecessor:} 10... Bg4 11. h3 Bf5 12. Nh4 Be4 13. e6 fxe6 14. Be3 Qd6 15. a4 g6 16. a5 Nd7 {½-½ Hausdorf,H (2287)-Loginov,A (2377) WS MN/068 email 2011}) 11. O-O {[%emt 0:02:21] White has an edge.} Bg7 12. Bf4 O-O 13. h3 Ra7 (13... f6 $11) 14. Re1 Bf5 15. Bd3 Bxd3 16. Qxd3 e6 17. b3 Ra8 18. Qd2 Rc8 19. Rac1 Qe7 20. Qb2 Rc7 21. Bg5 Qd7 22. Qd2 Rfc8 23. Ne2 Qe8 24. g4 Nd7 25. Kg2 Qf8 26. h4 f5 27. gxf5 Qxf5 28. Ng3 Qf7 29. h5 Nf8 (29... Rf8 $6 30. Nh4 $16) (29... gxh5 $11 30. Rh1 Bf8 31. Nxh5 Bb4) 30. Rh1 Ne7 $2 (30... gxh5 $16 31. Nxh5 Ne7 32. Rxc7 Rxc7 33. Nf6+ Kh8) 31. Rxc7 Rxc7 {[%emt 0:00:04] Black is weak on the dark squares} 32. h6 Bh8 {[%emt 0:00:08] [#]} 33. Bxe7 Qxe7 34. Rc1 Rc6 35. Rxc6 bxc6 36. Qa5 g5 37. Qxa6 g4 38. Nh2 Qh4 (38... c5 $142 39. Qa3 (39. Nxg4 Qh4 $16) 39... Qh4) 39. Qxc6 $18 Qh3+ 40. Kg1 Qxh6 41. Qc2 (41. Nxg4 Qf4 $16) 41... Qg5 42. Qe2 h5 43. Qe3 Qg6 44. a4 Bg7 45. a5 h4 46. Ngf1 Bh6 47. Qe2 g3 48. fxg3 hxg3 49. Ng4 {[%emt 0:00:28][%cal Oa5a6] a6! would now be deadly.} Bf4 $2 (49... Bg7 50. Qd1 (50. Nxg3 Qb1+ 51. Kh2 Qxb3 $18) 50... Qf7 51. Nxg3 Qa7) 50. Nf6+ Kf7 51. a6 Qb1 52. a7 Qa1 53. Qh5+ Kg7 54. Qg4+ (54. Ne8+ $142 Kg8 55. Qg4+ Bg5 56. Qxg5+ Ng6 57. Qxg6+ Kf8 58. Nf6 (58. Qxg3 Qxa7 59. Nf6 Qf7 $18) 58... Qxd4+ 59. Kh1) 54... Ng6 55. Nh5+ $2 (55. Qxe6 $2 {loses.} Be3+ (55... Qxd4+ 56. Kh1 $14) 56. Kg2 Qa2+ (56... Qxd4 57. Qg8+ Kh6 58. Qh7+ Kg5 59. Qh5+ Kf4 60. a8=Q Qb2+ 61. Kh3) (56... Nf4+ $2 57. Kxg3 Qe1+ 58. Kg4 $19) 57. Kh3 (57. Kxg3 {leads to mate.} Qf2+ 58. Kg4 Qe2+ 59. Kh3 Qxf1+ 60. Kg3 Bf4+ 61. Kg4 Qg2+ 62. Kh5 Qg5#) 57... Nf4+ (57... Bxd4 58. Qg8+ Kh6 59. Ng4+ Kg5 60. Qd8+ Kf4 61. Qf6+ Ke4 62. Qxg6+ Kf3 63. Qd3+ Kf4 64. Nxg3) 58. Kg4 Qe2+ (58... Nxe6 $2 59. a8=Q $19) 59. Kf5 Nxe6 $19) (55. a8=Q $18 {and White stays clearly on top. White threatens Qg8+ and mate.} Be3+ 56. Kg2 Qxa8 57. Nxe3 (57. Nh5+ Kh6 $18)) 55... Kh6 $16 56. a8=Q $2 (56. Nxf4 Qxd4+ 57. Kh1 Qe4+ 58. Ng2 (58. Kg1 Qd4+ 59. Kh1 Qe4+ 60. Kg1 Qd4+ $11) 58... Qxg4 $11) ({But not} 56. Nhxg3 $6 Qxa7 57. Ne2 (57. Qxe6 Qxd4+ 58. Kh1 Bxg3 $11) 57... Bxe5 $16) (56. Kg2 $16 Bg5 57. Nfxg3 (57. Qxe6 Qa2+ 58. Kxg3 Kxh5 $11)) 56... Qxd4+ {[%emt 0:00:37] Black mates.} 57. Kh1 Qe4+ 58. Kg1 {[%emt 0:00:39] [#]} Be3+ $1 59. Nxe3 Qxe3+ 60. Kh1 Qe1+ 61. Kg2 Qf2+ {[%emt 0:00:04] Never resign too early!   Weighted Error Value: White=0.48/Black=0.67  Loses game:     	White=1     	Black=1      Mistake:       	---       	Black=4      Inaccurate:     	White=3     	Black=2      OK:         	White=22    	Black=18     Best:        	White=1     	Black=4} 0-1

[Event "FIDE World School-ch O-17 2025"]
[Site "Vrnjacka Banja"]
[Date "2025.03.27"]
[Round "8.5"]
[White "Andjelkovic, Aleksandar M"]
[Black "Gusev, Mikhail"]
[Result "0-1"]
[Annotator "TA"]
[ECO "E11"]
[WhiteElo "1930"]
[BlackElo "2250"]
[PlyCount "72"]
[EventDate "2025.03.19"]
[EventType "swiss"]
[EventCountry "SRB"]
[SourceTitle "playchess.com"]
[Source "ChessBase"]
[SourceQuality "1"]
[TimeControl "5400+30"]

1. d4 Nf6 2. c4 e6 3. Nf3 Bb4+ 4. Bd2 Qe7 5. g3 Nc6 6. Nc3 Bxc3 7. Bxc3 Ne4 8. Rc1 d6 9. d5 Nxc3 10. Rxc3 Nd8 11. Bg2 O-O 12. O-O e5 13. c5 {[%emt 0:19:52] E11: Bogo-Indian.} dxc5 14. Qc2 {[%emt 0:02:13] White sacrificed a pawn} b6 {[%emt 0:12:14] [#]} 15. b4 Nb7 $11 16. Nd2 Bg4 $146 ({Predecessor:} 16... Rb8 17. Rc1 Bd7 18. Qb2 a5 19. bxc5 Nxc5 20. Qa3 Rfe8 21. Ne4 Na6 22. Qxe7 Rxe7 23. Rxc7 Nxc7 {1-0 Nguyen,N (2641)-Jinan,J (2400) Abu Dhabi op 29th 2023 (2)}) 17. Nb3 a5 $1 18. bxc5 a4 19. cxb6 axb3 20. axb3 Nd6 (20... cxb6 $6 21. Rc7 Rac8 22. Rxe7 $16) 21. h3 (21. Rxc7 $11 Qd8 22. Rc1) 21... Nb5 (21... Bd7 $17 22. Rxc7 Ra5) 22. Rc5 $2 {[%emt 0:12:21] [#]} (22. d6 $14 Qxd6 23. hxg4 Nxc3 24. Bxa8 Rxa8 25. Qxc3 Qxb6 26. g5 (26. Qxe5 Qxb3 27. Qxc7 h6 $14)) 22... Nd4 (22... cxb6 $2 23. Rxb5 Qd7 24. Rxb6 $18) (22... Bxe2 $19 23. b7 Rab8 (23... Bxf1 24. bxa8=R Rxa8 25. Bxf1 $16)) 23. Rxc7 $17 Qd6 {[%emt 0:04:17] The board is on fire. Black is more active.} (23... Bxe2 24. Rxe7 Nxc2 25. d6 $15 (25. Rc1 Nd4 $16)) 24. Rc6 Nxc2 (24... Nxc6 25. dxc6 Bc8 26. b7 Bxb7 27. cxb7 $18) (24... Bxe2 25. Rxd6 Nxc2 26. b7 $16) ({Black should play} 24... Qb8 $19 25. Qc5 Bxe2) 25. Rxd6 $15 Bxe2 26. Rc1 Nd4 (26... Bd3 $15 {was preferable.}) 27. b7 $11 Rab8 28. Rb6 Bf3 29. Bxf3 Nxf3+ 30. Kf1 Nd4 31. b4 (31. g4 $11) 31... Rfd8 $15 32. b5 Kf8 {[%emt 0:00:39][%cal Od4f5] ...Nf5! would now be deadly.} (32... Rxd5 $2 33. Rc8+ Rd8 34. Rxd8+ Rxd8 35. b8=Q $18 (35. b8=R Rf8 $18)) 33. Rc7 (33. d6 $17 {was the only defense.}) 33... Nf5 $19 34. Ra6 Nd6 $1 (34... Rxd5 $2 {is the wrong capture.} 35. Ra8 g6 36. Rxb8+ $18) 35. Rb6 Ke8 36. Ke2 Rd7 {[%emt 0:00:19] Weighted Error Value: White=0.44/Black=0.31  Loses game:     	White=1     	---        Mistake:       	White=4     	Black=4      Inaccurate:     	White=2     	Black=3      OK:         	White=6     	Black=8      Best:        	White=3     	Black=3      Strong:       	---       	Black=2} 0-1

[Event "FIDE World School-ch O-17 2025"]
[Site "Vrnjacka Banja"]
[Date "2025.03.27"]
[Round "8.6"]
[White "Zdravkovic, Filip"]
[Black "Yildiz, Egehan"]
[Result "0-1"]
[Annotator "TA"]
[ECO "B12"]
[WhiteElo "1963"]
[BlackElo "2204"]
[PlyCount "102"]
[EventDate "2025.03.19"]
[EventType "swiss"]
[EventCountry "SRB"]
[SourceTitle "playchess.com"]
[Source "ChessBase"]
[SourceQuality "1"]
[TimeControl "5400+30"]

1. e4 c6 2. d4 d5 3. e5 Bf5 4. h4 h5 5. Bg5 Qb6 6. Bd3 {[%emt 0:01:03] B12: Caro-Kann: Advance Variation.} (6. b3 $15) 6... Qxd4 $1 {[%emt 0:00:54][%mdl 4] is now more promising than 6...Bxd3.} 7. Nf3 Qg4 8. Bxf5 $1 {[%emt 0:01:50] Black is slightly better.} Qxf5 9. O-O f6 10. c4 fxg5 $17 11. Qb3 Na6 $146 (11... Nd7 12. Qxb7 Rb8 13. Qxc6 Rh6 14. Qxd5 g4 15. Ng5 e6 16. Qd1 Rxb2 17. Nc3 Qc2 {0-1 Vujovic,S (2230)-Karthik,V (2590) Cetinje Dragasevic Memorial 2024 (1)}) 12. cxd5 Nc5 13. Qc4 e6 (13... g4 14. Nd4 (14. Ng5 e6 $11) 14... Qxe5 15. Nc3 $15) 14. dxc6 bxc6 15. b4 (15. Nxg5 $17 Qg4 (15... Qxe5 16. Nc3 $14) 16. Qc2) 15... Qe4 (15... g4 $6 16. Ng5 Be7 17. bxc5 Bxg5 18. hxg5 $11) 16. Qxe4 (16. Nd4 $17 Rd8 (16... Qd3 17. Na3 $17) 17. Rd1) 16... Nxe4 $19 17. Re1 {[%emt 0:00:03] [#]} Nxf2 18. Kxf2 Bxb4 19. Rc1 Rc8 (19... gxh4 $19 {has better winning chances.} 20. Rc4 Rb8) 20. Nxg5 Ke7 21. Rc4 Ba5 22. Nc3 Nh6 23. Nce4 (23. Ne2 $15) 23... Ng4+ $17 24. Ke2 Bb6 25. Nf3 (25. Nd6 $17 Rcf8 26. Nf3 Rxf3 (26... Nxe5 27. Nc8+ Rxc8 28. Nxe5 $17) 27. gxf3 Nxe5 28. Re4) 25... Ne3 $1 $19 26. Rc3 (26. Ra4 $17) 26... Nxg2 27. Rac1 Nf4+ 28. Kf1 Rhf8 29. Rxc6 Rxc6 30. Rxc6 Ng6 (30... Rd8 $19 {and ...Rd1+ should not be overlooked} 31. Nd6 Kd7) 31. Neg5 $17 Nxh4 (31... Nxe5 $2 32. Rxe6+ Kd7 33. Rxe5 $18) 32. Rxe6+ Kd7 33. Rd6+ Kc8 34. Ke2 Nf5 (34... Nxf3 $17 35. Nxf3 g5 36. Nxg5 Rf2+ 37. Kd3 Rf5 (37... Rxa2 38. Rh6 $11)) 35. Rd5 (35. Rg6 $15) 35... Re8 (35... g6 $17 36. e6 Rd8 37. Rxd8+ Kxd8 (37... Bxd8 38. Kd3 $17)) 36. e6 g6 37. Ne5 Bd8 38. Nef7 Bxg5 (38... Bf6 $17) 39. Nxg5 {[%emt 0:00:06][%mdl 4096] Endgame KRN-KRN. Black is a pawn up.} Ng7 40. Re5 (40. Rd6 $15) 40... Kc7 41. Kf3 Kd6 42. Ra5 Re7 43. Ra6+ (43. Ke4 $142) 43... Kd5 ({Better is} 43... Ke5 44. Ra5+ Kf6 45. Ne4+ Kxe6 46. Ra6+ Ke5 47. Ra5+ Kd4 48. Ra4+ Kd3 49. Nc5+ Kc3) 44. Ra5+ {[%emt 0:00:12] [#]} Kc6 (44... Kd4 $1 $17 45. Kf4 Nxe6+ 46. Nxe6+ Rxe6 47. Rxa7 Re4+ 48. Kg5 Rg4+ 49. Kf6 Ke4) 45. Ra6+ $11 Kd5 (45... Kb7 $11 46. Rd6 Kc7) 46. Ra5+ $17 {[%emt 0:00:15] [#]} Kd4 $1 47. Ra4+ (47. a4 $142) 47... Ke5 48. Re4+ $2 {[%emt 0:01:10] This costs White the game.} (48. Ra5+ $17 {was called for.} Kf6 49. Ne4+ Kxe6 50. Ra6+ Ke5 51. Ra5+ Kd4 52. Ra4+ Kd3 53. Ra3+ Kc4 54. Ra6) 48... Kf5 $19 49. Nf7 Nxe6 ({Weaker is} 49... Rxe6 50. Rf4#) 50. Nd6+ Kf6 51. Nc8 $2 (51. Ra4 $19) 51... Ng5+ {[%emt 0:00:06] Weighted Error Value: White=0.40/Black=0.22 (precise)   Loses game:     	White=1     	---        Mistake:       	White=11    	Black=8      Inaccurate:     	White=1     	---        OK:         	White=12    	Black=15     Best:        	White=5     	Black=5      Strong:       	White=1     	Black=2} 0-1

[Event "FIDE World School-ch O-17 2025"]
[Site "Vrnjacka Banja"]
[Date "2025.03.27"]
[Round "8.7"]
[White "Amankos, Zhanbolat"]
[Black "Orgilon Batsaikhan"]
[Result "0-1"]
[Annotator "NA RC"]
[ECO "E62"]
[WhiteElo "1954"]
[BlackElo "2024"]
[PlyCount "82"]
[EventDate "2025.03.19"]
[EventType "swiss"]
[EventCountry "SRB"]
[SourceTitle "playchess.com"]
[Source "ChessBase"]
[SourceQuality "1"]
[TimeControl "5400+30"]

1. d4 Nf6 2. c4 g6 3. g3 Bg7 4. Bg2 O-O 5. Nf3 d6 6. Nc3 c6 7. O-O Bf5 8. Nh4 Be6 9. Qd3 d5 10. cxd5 cxd5 11. f4 Nc6 12. e3 Bc8 13. Bd2 e6 14. Rac1 Ne8 15. Na4 Nd6 16. b3 a5 17. Nf3 Ne7 18. Qc2 Bd7 19. Nb2 Bb5 20. Rfe1 Rc8 21. Qb1 Qb6 22. Ne5 Rfd8 23. Rxc8 Rxc8 24. Rc1 Nc6 25. Nxc6 Rxc6 26. Nd3 Bxd4 27. exd4 Qxd4+ 28. Nf2 Qxd2 29. Rxc6 bxc6 30. Ng4 Qd4+ 31. Kh1 Bd3 32. Qe1 Be4 33. h4 Qb2 34. Qf2 Qxf2 35. Nxf2 Bb1 36. a3 c5 37. Bf3 c4 38. bxc4 dxc4 39. Nd1 Nb5 40. a4 c3 41. Ne3 Nd4 0-1

[Event "FIDE World School-ch O-17 2025"]
[Site "Vrnjacka Banja"]
[Date "2025.03.27"]
[Round "8.8"]
[White "Milanovic, Marko"]
[Black "Guntaka, Aayansh"]
[Result "1-0"]
[Annotator "TA"]
[ECO "B45"]
[WhiteElo "2271"]
[BlackElo "1866"]
[PlyCount "57"]
[EventDate "2025.03.19"]
[EventType "swiss"]
[EventCountry "SRB"]
[SourceTitle "playchess.com"]
[Source "ChessBase"]
[SourceQuality "1"]
[TimeControl "5400+30"]

1. e4 c5 2. Nf3 e6 3. d4 cxd4 4. Nxd4 Nf6 5. Nc3 Nc6 6. Nxc6 bxc6 7. e5 Nd5 8. Ne4 Qc7 9. f4 f5 10. exf6 {[%emt 0:00:00] B45: Sicilian Four Knights.} gxf6 {[%emt 0:00:07][%cal Oh7h5] 10...gxf6 is better than 10...Nxf6.} 11. Qf3 f5 12. Qh5+ $146 {[%emt 0:00:00] White is slightly better.} (12. Ng5 h5 13. c4 Nf6 14. Bd2 Bb7 15. Bc3 c5 16. Qe2 Be7 17. Be5 Qa5+ 18. Bc3 {½-½ Baches Garcia,G (2335)-Kosteniuk,A (2536) Titled Tuesday intern op 28th Mar Early blitz 2023 (11)}) 12... Kd8 13. Ng5 {[%emt 0:00:00] A sharp opening} Nf6 14. Qh4 {[%emt 0:00:00][%cal Og5e6] White is more active.} ({Avoid the trap} 14. Nf7+ $2 Ke7 15. Qh4 Kxf7 $19) 14... Ke7 (14... d5 $16) 15. Bd2 $18 Bg7 16. Bc3 h6 17. Nf3 d6 {[%emt 0:03:02] [#]} 18. O-O-O $1 Rb8 (18... Kf7 $142 19. Rg1 Bb7) 19. Bc4 Kf7 20. Rhe1 a5 (20... Rf8 {was necessary.} 21. Bb3 Rh8) 21. h3 Ne4 {[%emt 0:09:42] [#]} 22. Bxg7 Kxg7 23. g4 Qb7 $2 (23... Qd8 24. Qxd8 Rxd8) 24. b3 {[%emt 0:00:04] Strongly threatening gxf5.} Qa7 25. gxf5 exf5 26. Rxd6 {[%emt 0:04:43] White mates.} Rb7 {[%emt 0:09:11] [#]} 27. Rxe4 $1 Rf7 (27... Be6 28. Rexe6) 28. Qg3+ Kf8 29. Rd8# {[%emt 0:00:08] Black did not feel at home in the position after the opening.   Weighted Error Value: White=0.24 (precise) /Black=1.06  Mistake:       	---       	Black=4      Inaccurate:     	White=2     	Black=1      OK:         	White=6     	Black=2      Best:        	White=1     	Black=2      Strong:       	White=2     	---} 1-0